[Event "Titled Tuesday Blitz May 31 Early 2022"]
[White "Muradov, Soltan"]
[Black "Buchenau, Frank"]
[WhiteFideId "14002108"]
[BlackFideId "4604350"]
[WhiteElo "1854"]
[BlackElo "2157"]
[Result "1-0"]
[Round "11"]
[TimeControl "180+1"]
[Date "2022.06.01"]
[WhiteClock "0:00:02"]
[BlackClock "0:00:02"]

1. d4 e6 2. Nf3 Nf6 3. Bf4 d5 4. e3 c5 5. c3 Nc6 6. Bd3 Bd6 7. Bg3 O-O 8. Nbd2 b6 9. O-O Bb7 10. Qe2 Re8 11. Ne5 Qc7 12. Nxc6 Bxg3 13. hxg3 Bxc6 14. dxc5 bxc5 15. e4 Rab8 16. Rab1 a5 17. Rfe1 a4 18. e5 Nd7 19. Qh5 g6 20. Qg5 Rb6 21. Nf3 Reb8 22. Re2 a3 23. b3 c4 24. Bc2 cxb3 25. Rxb3 Bb5 26. Re3 Bc4 27. Rxa3 Rb2 28. Bb3 Bxb3 29. Rxb3 Rxa2 30. Rxb8+ Qxb8 31. Qe7 Ra1+ 32. Kh2 Nb6 33. Nd4 Nc4 34. Rf3 Nxe5 35. Rf4 Nd3 36. Qxf7+ Kh8 37. Qf6+ Kg8 38. Qxe6+ Kh8 39. Qf6+ Kg8 40. Qf7+ Kh8 41. Rh4 Qg8 42. Qf6+ Qg7 43. Qd8+ Qg8 44. Qf6+ Qg7 45. Qe6 Nxf2 46. Qe8+ Qg8 47. Qe5+ Qg7 48. Qb8+ Qg8 49. Qe5+ Qg7 50. Qxg7+ Kxg7 51. g4 g5 52. Rh5 Nxg4+ 53. Kg3 Ne3 54. Rxg5+ Kf6 55. Rh5 Rc1 56. Rxh7 Rxc3 57. Nf3 Nf5+ 58. Kf2 Rc2+ 59. Ke1 Rxg2 60. Ra7 1-0


[Site "https://www.chess.com"]

[Event "Titled Tuesday Blitz May 31 Early 2022"]
[White "Nakamura, Hikaru"]
[Black "Bluebaum, Matthias"]
[WhiteFideId "2016192"]
[BlackFideId "24651516"]
[WhiteElo "2850"]
[BlackElo "2556"]
[Result "1-0"]
[Round "11"]
[TimeControl "180+1"]
[Date "2022.05.31"]
[WhiteClock "0:01:25"]
[BlackClock "0:00:47"]

1. g4 g5 2. h4 gxh4 3. d4 d5 4. g5 c5 5. dxc5 Bg7 6. c3 e6 7. e4 dxe4 8. Qxd8+ Kxd8 9. Nd2 b6 10. Bg2 Bb7 11. cxb6 axb6 12. Bxe4 Kc7 13. Bxb7 Kxb7 14. Rxh4 Nd7 15. Nc4 Kc6 16. Rf4 Rf8 17. Bd2 h6 18. gxh6 Nxh6 19. O-O-O Nf5 20. Rg4 Rh2 21. Rf4 Ne5 22. Nxe5+ Bxe5 23. Rc4+ Kd5 24. b3 Nd4 25. cxd4 Bd6 26. Ne2 Ke4 27. d5+ Kf3 28. Nd4+ Kg2 29. dxe6 fxe6 30. Nxe6 Rxf2 31. Ng5 Rh8 32. Rg4+ Kh2 33. Ne4 Ba3+ 34. Kb1 Re2 35. Bf4+ Kh3 36. Rg3+ Kh4 37. Rh1+ Rh2 38. Rxh2# 1-0


[Site "https://www.chess.com"]

[Event "Titled Tuesday Blitz May 31 Early 2022"]
[White "Niemann, Hans Moke"]
[Black "Jobava, Baadur"]
[WhiteFideId "2093596"]
[BlackFideId "13601520"]
[WhiteElo "2632"]
[BlackElo "2617"]
[Result "1-0"]
[Round "11"]
[TimeControl "180+1"]
[Date "2022.05.31"]
[WhiteClock "0:00:19"]
[BlackClock "0:00:08"]

1. d4 c6 2. c4 d5 3. Nf3 Nf6 4. e3 Bg4 5. Nc3 e6 6. h3 Bh5 7. Qb3 Qb6 8. Ne5 Nbd7 9. g4 Bg6 10. Nxg6 hxg6 11. Bg2 Qa6 12. cxd5 exd5 13. Bd2 Qb6 14. O-O-O Qxb3 15. axb3 O-O-O 16. f3 Nb6 17. Rhf1 Bb4 18. Ne2 Bxd2+ 19. Kxd2 Rhe8 20. Nf4 Na8 21. Nd3 Nc7 22. Ra1 a6 23. Rfc1 Nd7 24. Bf1 Re7 25. Rc3 Rde8 26. Nb4 g5 27. Re1 Kb8 28. Bd3 Nf8 29. Bf1 Re6 30. Nd3 Nd7 31. Bg2 Nb5 32. Rcc1 Nd6 33. Re2 g6 34. Rh1 f5 35. f4 Nf6 36. Rg1 Nfe4+ 37. Bxe4 fxe4 38. Ne5 gxf4 39. exf4 Rh8 40. Rh2 Rh4 41. Ke3 Kc7 42. Kf2 Rf6 43. Kg3 Rh8 44. Re1 Rhf8 45. Rf2 e3 46. Rxe3 Ne4+ 47. Rxe4 dxe4 48. Nc4 Rd8 49. Rd2 b5 50. Ne5 Rfd6 51. Rc2 Re6 52. f5 gxf5 53. gxf5 Rf6 54. Kf4 Rxd4 55. Kg5 Rdd6 56. Re2 Rf8 57. h4 Rg8+ 58. Ng6 Re8 59. h5 e3 60. h6 Rd2 61. Re1 Rg2+ 62. Kf6 Rh2 63. Kg7 e2 64. f6 Rf2 65. f7 Rd8 66. f8=Q Rfxf8 67. Nxf8 Rd3 68. Rxe2 Rxb3 69. h7 Rg3+ 70. Ng6 Rh3 71. h8=Q Rxh8 72. Kf7 Kb6 73. Nxh8 Kc5 74. Ng6 a5 75. Ke6 a4 76. Ne5 b4 77. Rc2+ Kd4 78. Nxc6+ Ke3 79. Nxb4 1-0


[Site "https://www.chess.com"]

[Event "Titled Tuesday Blitz May 31 Early 2022"]
[White "Omariev, Maksim"]
[Black "Kuznetsov, Mikhail"]
[WhiteFideId "4193423"]
[BlackFideId "4117190"]
[WhiteElo "2526"]
[BlackElo "1981"]
[Result "1-0"]
[Round "11"]
[TimeControl "180+1"]
[Date "2022.06.01"]
[WhiteClock "0:00:03"]
[BlackClock "0:00:01"]

1. g4 c5 2. Bg2 Nc6 3. c4 d6 4. h3 h5 5. g5 g6 6. Nc3 Bg7 7. d3 e6 8. e4 Nge7 9. Nge2 b6 10. Be3 Bb7 11. Qd2 Qd7 12. O-O-O O-O-O 13. d4 cxd4 14. Nxd4 Kb8 15. Ndb5 Nc8 16. f4 a6 17. Nd4 Rhe8 18. Nde2 Qc7 19. Kb1 N8e7 20. Rc1 Nc8 21. Nd5 exd5 22. cxd5 Qd7 23. dxc6 Bxc6 24. Nd4 Bb7 25. Rhe1 Ka8 26. Bg1 b5 27. Qa5 Re7 28. Nxb5 Qxb5 29. Qa3 Nb6 30. b3 Nc8 31. Bf1 Qd7 32. Bxa6 Bxa6 33. Qxa6+ Na7 34. Rc2 Qb7 35. Qa4 Qb5 36. Qa3 Qb7 37. Rec1 Qxe4 38. Qa5 Rb7 39. Qxd8+ Rb8 40. Qa5 Rb7 41. Qd8+ Rb8 42. Qxd6 Bf8 43. Qe5 Qb7 44. Qd4 Be7 45. Rc7 Qa6 46. Rxa7+ Qxa7 47. Qxa7# 1-0


[Site "https://www.chess.com"]

[Event "Titled Tuesday Blitz May 31 Early 2022"]
[White "Omelja, Artem"]
[Black "Bekturov, Tamerlan"]
[WhiteFideId "14119846"]
[BlackFideId "13710184"]
[WhiteElo "2382"]
[BlackElo "2151"]
[Result "1-0"]
[Round "11"]
[TimeControl "180+1"]
[Date "2022.06.01"]
[WhiteClock "0:00:03"]
[BlackClock "0:00:04"]

1. d4 Nf6 2. c4 e6 3. Nf3 d5 4. Nc3 a6 5. cxd5 exd5 6. Bg5 c6 7. Qc2 Be6 8. e3 Nbd7 9. Bd3 Bd6 10. O-O h6 11. Bh4 O-O 12. Rab1 Qc7 13. Bg3 Bxg3 14. hxg3 Qd6 15. Ne2 Rfe8 16. Rfc1 Ne4 17. b4 Qe7 18. a4 Nd6 19. b5 axb5 20. axb5 Rec8 21. bxc6 bxc6 22. Nf4 Bg4 23. Bh7+ Kh8 24. Nh4 Nf8 25. Nf5 Bxf5 26. Bxf5 Rc7 27. Bd3 Rac8 28. Qc5 Nd7 29. Qa3 Nf6 30. Rc2 g5 31. Ne2 Qe6 32. Rbc1 Kg7 33. Nc3 c5 34. dxc5 Rxc5 35. Ne2 Nc4 36. Bxc4 dxc4 37. Nd4 Qe4 38. Qa7 R5c7 39. Qa4 Nd5 40. Rxc4 Nb6 41. Rxc7 Rxc7 42. Qd1 Rxc1 43. Qxc1 Nd5 44. Qa1 Kg6 45. Qd1 Nc3 46. Qf3 Qb1+ 47. Kh2 h5 48. Qc6+ Kg7 49. Qxc3 1-0


[Site "https://www.chess.com"]

[Event "Titled Tuesday Blitz May 31 Early 2022"]
[White "Onslow, Alfie"]
[Black "Toncheva, Nadya"]
[WhiteFideId "436976"]
[BlackFideId "2924056"]
[WhiteElo "1885"]
[BlackElo "1888"]
[Result "0-1"]
[Round "11"]
[TimeControl "180+1"]
[Date "2022.06.01"]
[WhiteClock "0:00:06"]
[BlackClock "0:00:06"]

1. e4 c5 2. Nc3 Nc6 3. Bb5 Nd4 4. Nf3 Nxb5 5. Nxb5 d5 6. exd5 a6 7. Nc3 Nf6 8. O-O Nxd5 9. Qe2 e6 10. Rd1 Be7 11. Nxd5 Qxd5 12. d4 O-O 13. c4 Qh5 14. d5 Bf6 15. d6 Bd7 16. Be3 b6 17. a4 a5 18. Ra3 Bc6 19. Bf4 e5 20. Bg3 e4 21. Nd4 Qxe2 22. Nxe2 Bxb2 23. Ra2 Bf6 24. Rb1 Rab8 25. Nf4 Rfd8 26. Nd5 Bxd5 27. cxd5 h5 28. h4 Bc3 29. Re2 f5 30. f3 Bd4+ 31. Kh2 exf3 32. gxf3 Rb7 33. Re7 Rdd7 34. Rxd7 Rxd7 35. Rxb6 Be3 36. Be5 Kf7 37. Rc6 Bd4 38. f4 g6 39. Kg3 Ke8 40. Kf3 Rb7 41. Rc8+ Kd7 42. Rg8 Rb3+ 43. Ke2 Rb2+ 44. Kd3 Rb3+ 45. Kc4 Rb4+ 46. Kd3 Rb3+ 47. Kc2 Rb2+ 48. Kc1 Rh2 49. Rg7+ Kd8 50. Bf6+ Bxf6 51. Rxg6 Bd4 52. Rg5 Be3+ 53. Kb1 Bxf4 54. Rxf5 Bxd6 55. Rxh5 Kd7 56. Rh6 Be7 57. Ra6 Rxh4 58. Rxa5 Rb4+ 59. Kc2 Kd6 60. Ra7 Bg5 61. Kd3 Kxd5 62. Rd7+ Kc6 63. Rg7 Bf6 64. Rg6 Rf4 65. Ke3 Rf1 66. Ke2 Rf5 67. Ke3 Kd5 68. a5 Bd4+ 69. Kd2 Rf6 70. Rg5+ Kc6 71. a6 Kb6 72. Kd3 Kxa6 73. Kc4 Kb6 74. Rg2 Kc6 75. Ra2 Kd6 76. Ra6+ Ke5 77. Ra8 Rf1 78. Re8+ Kd6 79. Rd8+ Kc7 80. Re8 Kd7 81. Rg8 Rc1+ 82. Kd5 Rd1 83. Rb8 Bf2+ 84. Ke4 Kc6 85. Rc8+ Kb5 86. Kf3 Bd4 87. Ke2 Rh1 88. Kd3 Kb4 89. Rb8+ Ka5 90. Ra8+ Kb6 91. Rb8+ Kc7 92. Rg8 Rh3+ 93. Kc4 Rh5 94. Kb5 Kd6 95. Kc4 Rh4 96. Re8 Be5+ 97. Kd3 c4+ 98. Kc2 Kd5 99. Rd8+ Ke4 100. Rc8 Rh2+ 101. Kc1 Kd3 102. Rd8+ Bd4 103. Kb1 Rh1+ 104. Ka2 Ra1# 0-1


[Site "https://www.chess.com"]

[Event "Titled Tuesday Blitz May 31 Early 2022"]
[White "Petrova, Irina"]
[Black "Stepanencu, Nicodim-Cosmin"]
[WhiteFideId "14124122"]
[BlackFideId "1256220"]
[WhiteElo "1993"]
[BlackElo "1945"]
[Result "1/2-1/2"]
[Round "11"]
[TimeControl "180+1"]
[Date "2022.06.01"]
[WhiteClock "0:00:07"]
[BlackClock "0:00:04"]

1. e4 c6 2. d4 d5 3. e5 Bf5 4. h4 Qb6 5. Nc3 h5 6. Nf3 e6 7. Ne2 c5 8. c3 Nc6 9. Qb3 c4 10. Qd1 Nge7 11. Ng3 Bg6 12. Be2 Nf5 13. Nxf5 Bxf5 14. Ng5 Bg6 15. b3 cxb3 16. axb3 Rc8 17. Bd2 a6 18. b4 Bxb4 19. cxb4 Qxd4 20. Nf3 Qg4 21. O-O Be4 22. b5 Nxe5 23. bxa6 bxa6 24. Rxa6 O-O 25. Ra4 Nxf3+ 26. Bxf3 Bxf3 27. Rxg4 Bxd1 28. Rg3 Bc2 29. Bh6 Bg6 30. Be3 Rc4 31. Bg5 Rfc8 32. Ra3 f6 33. Be3 d4 34. Bd2 e5 35. Rfa1 Rc2 36. Ra8 Rxa8 37. Rxa8+ Kh7 38. Bb4 d3 39. Rd8 Rb2 40. Bc3 Rc2 41. Bb4 e4 42. g3 f5 43. Ba5 Bf7 44. Kg2 Rc5 45. Bb4 Rb5 46. Bd2 Bd5 47. Be3 Kg6 48. Rd6+ Kf7 49. Kh2 Ke7 50. Ra6 Rb2 51. Ra7+ Ke6 52. Ra6+ Kd7 53. Ra7+ Bb7 54. Kh3 Kc8 55. Ra1 Kc7 56. Rc1+ Kd7 57. Kg2 Bc8 58. Kf1 Ba6 59. Ke1 Re2+ 60. Kd1 Bb5 61. Ra1 Bc6 62. Ra7+ Ke6 63. Ra6 Kd5 64. Ra5+ Kc4 65. Rc5+ Kb4 66. Rxc6 Ra2 67. Rc1 Kb3 68. Bd2 Rb2 69. Rc3+ Ka4 70. Rc1 Kb3 71. Rc3+ Ka4 72. Rc4+ Kb3 73. Rc1 Ka4 74. Ra1+ Kb3 75. Rc1 Ka4 76. Ke1 Kb3 77. Rc3+ Ka4 78. Rc1 Kb3 79. Kd1 1/2-1/2


[Site "https://www.chess.com"]

[Event "Titled Tuesday Blitz May 31 Early 2022"]
[White "Petrovskyi, Vadym"]
[Black "Oparin, Grigoriy"]
[WhiteFideId "14165210"]
[BlackFideId "24125890"]
[WhiteElo "2400"]
[BlackElo "2665"]
[Result "0-1"]
[Round "11"]
[TimeControl "180+1"]
[Date "2022.05.31"]
[WhiteClock "0:00:01"]
[BlackClock "0:00:46"]

1. e4 e5 2. Nf3 Nc6 3. d4 exd4 4. Bc4 Nf6 5. e5 d5 6. Bb5 Nd7 7. O-O Be7 8. Bf4 O-O 9. Bxc6 bxc6 10. Nxd4 Nb8 11. Re1 c5 12. Nf3 d4 13. c4 Nc6 14. Nbd2 Bf5 15. Ne4 h6 16. Nfd2 a5 17. Nb3 d3 18. Nbxc5 Bxc5 19. Nxc5 Qd4 20. Be3 Qxc4 21. Rc1 Qd5 22. f4 Rfd8 23. Qd2 Qxa2 24. Rc3 Qd5 25. Rec1 Nb4 26. h3 Nc2 27. Bf2 Rab8 28. b3 Rb4 29. Na6 Re4 30. Nxc7 Qd7 31. Na6 Re2 32. Qd1 Rxf2 33. Rc7 Qd4 34. Kh1 Be4 35. Qg1 0-1


[Site "https://www.chess.com"]

[Event "Titled Tuesday Blitz May 31 Early 2022"]
[White "Pichot, Alan"]
[Black "Zhigalko, Sergei"]
[WhiteFideId "110973"]
[BlackFideId "13502956"]
[WhiteElo "2579"]
[BlackElo "2662"]
[Result "1-0"]
[Round "11"]
[TimeControl "180+1"]
[Date "2022.05.31"]
[WhiteClock "0:00:56"]
[BlackClock "0:00:01"]

1. e4 c5 2. Nf3 Nc6 3. Bb5 Nf6 4. Bxc6 dxc6 5. d3 Bg4 6. O-O Qc7 7. h3 Bh5 8. Re1 Nd7 9. Nbd2 e6 10. Nc4 b5 11. Ncd2 Bd6 12. Qe2 f6 13. Qe3 Bf4 14. Qe2 O-O 15. Nf1 Bd6 16. g4 Bf7 17. Nh4 Rfe8 18. Ng2 e5 19. Ng3 Nf8 20. Nf5 Ne6 21. c3 Bf8 22. Be3 Rad8 23. h4 Nf4 24. Bxf4 exf4 25. g5 fxg5 26. hxg5 Be7 27. Qg4 Rxd3 28. Nxf4 Rdd8 29. Rad1 Bf8 30. g6 hxg6 31. Nxg6 Rxd1 32. Rxd1 Qc8 33. Nge7+ 1-0


[Site "https://www.chess.com"]

[Event "Titled Tuesday Blitz May 31 Early 2022"]
[White "Pinheiro, Iung Alicio de O."]
[Black "Barria Zuniga, Daniel"]
[WhiteFideId "2104350"]
[BlackFideId "3400816"]
[WhiteElo "2283"]
[BlackElo "2414"]
[Result "1-0"]
[Round "11"]
[TimeControl "180+1"]
[Date "2022.06.01"]
[WhiteClock "0:00:06"]
[BlackClock "0:00:01"]

1. c4 f5 2. g3 Nf6 3. Bg2 e6 4. Nc3 Bb4 5. Qb3 Na6 6. a3 Be7 7. Qc2 O-O 8. e4 fxe4 9. Nxe4 d5 10. Nxf6+ Bxf6 11. Ne2 c6 12. d4 e5 13. dxe5 Bxe5 14. cxd5 cxd5 15. Qd1 d4 16. O-O Kh8 17. Nf4 Nc5 18. b4 Ne6 19. Nd3 Bf6 20. h4 Nc7 21. Re1 Nd5 22. Qh5 Nc3 23. Nf4 Kg8 24. Bd2 g6 25. Qc5 Bf5 26. Bxc3 dxc3 27. Rad1 Qb6 28. Qc4+ Kh8 29. Be4 Bd4 30. Rf1 Rad8 31. Bxf5 Rxf5 32. Ne6 Bxf2+ 33. Kg2 Re8 34. Qxc3+ Bd4 35. Nxd4 Qf6 36. Rxf5 gxf5 37. Rf1 Re4 38. Qc8+ Kg7 39. Nxf5+ Kg6 40. Qg8+ Kh5 41. Qxh7+ Kg4 42. Qg8+ Kh5 43. Qh7+ Kg4 44. Ne3+ Rxe3 45. Rxf6 Re2+ 46. Rf2 Re3 47. Qg6# 1-0


[Site "https://www.chess.com"]

[Event "Titled Tuesday Blitz May 31 Early 2022"]
[White "Potapova, Margarita"]
[Black "Dronavalli, Harika"]
[WhiteFideId "14126869"]
[BlackFideId "5015197"]
[WhiteElo "2216"]
[BlackElo "2382"]
[Result "1/2-1/2"]
[Round "11"]
[TimeControl "180+1"]
[Date "2022.06.01"]
[WhiteClock "0:00:10"]
[BlackClock "0:00:18"]

1. d4 Nf6 2. c4 c5 3. d5 b5 4. cxb5 a6 5. bxa6 Bxa6 6. Nc3 g6 7. e4 Bxf1 8. Kxf1 d6 9. Nf3 Bg7 10. g3 O-O 11. Kg2 Nbd7 12. a4 Qb6 13. Qe2 Rfb8 14. Nd2 Qa6 15. Qxa6 Rxa6 16. Ra3 Ne8 17. Nb5 Nb6 18. b3 f5 19. f3 fxe4 20. fxe4 c4 21. Nxc4 Nxc4 22. bxc4 Rc8 23. Bg5 Rxc4 24. Re1 Bf6 25. Bxf6 Nxf6 26. e5 Ng4 27. exd6 exd6 28. Re6 Raxa4 29. Rxa4 Rxa4 30. h3 Ra2+ 31. Kg1 Ne5 32. Rxd6 Rd2 33. Kf1 Kg7 34. Nc3 Rd4 35. Ne2 Rd3 36. Kf2 Rf3+ 37. Kg2 Rd3 38. Kf2 Rf3+ 39. Kg2 Rd3 40. Nf4 Rd2+ 41. Kf1 Nf3 42. Ne2 Ng5 43. h4 Ne4 44. Re6 Nf6 45. d6 Rd1+ 46. Kf2 Kf7 47. Re7+ Kf8 48. Re6 Kf7 49. Re7+ Kf8 50. Re6 Rxd6 51. Rxd6 Ne4+ 52. Kf3 Nxd6 53. Nf4 Kf7 54. Nh3 Nf5 55. Ng5+ Kg7 56. Ne6+ Kf6 57. Ng5 h6 58. Nh3 Ng7 59. Nf4 Kf5 60. g4+ Kf6 61. g5+ hxg5 62. hxg5+ Kxg5 63. Nxg6 1/2-1/2


[Site "https://www.chess.com"]

[Event "Titled Tuesday Blitz May 31 Early 2022"]
[White "Pranav, V"]
[Black "Brodowski, Piotr"]
[WhiteFideId "25060783"]
[BlackFideId "1124480"]
[WhiteElo "2349"]
[BlackElo "2431"]
[Result "1-0"]
[Round "11"]
[TimeControl "180+1"]
[Date "2022.05.31"]
[WhiteClock "0:00:54"]
[BlackClock "0:00:02"]

1. e4 d6 2. d4 Nf6 3. Nc3 g6 4. Nf3 Bg7 5. Be3 c6 6. Qd2 h6 7. h3 b5 8. Bd3 Nbd7 9. O-O Qc7 10. a4 b4 11. Ne2 a5 12. c3 bxc3 13. Nxc3 h5 14. Rac1 O-O 15. Rfe1 Bb7 16. Bh6 e5 17. Bc4 exd4 18. Nxd4 Ne5 19. Ba2 Qb6 20. Rcd1 Rad8 21. Nf5 Ne8 22. Nxg7 Nxg7 23. Qf4 Kh7 24. Rd2 f6 25. Qe3 c5 26. Red1 Ba6 27. Nd5 Qb8 28. Bxg7 Kxg7 29. Nf4 Bc8 30. Qc3 Rfe8 31. Qxa5 Re7 32. Qxd8 1-0


[Site "https://www.chess.com"]

[Event "Titled Tuesday Blitz May 31 Early 2022"]
[White "Przybylski, Wojciech"]
[Black "Matveeva, Olga"]
[WhiteFideId "1117599"]
[BlackFideId "24107018"]
[WhiteElo "2133"]
[BlackElo "2052"]
[Result "1-0"]
[Round "11"]
[TimeControl "180+1"]
[Date "2022.06.01"]
[WhiteClock "0:00:24"]
[BlackClock "0:00:01"]

1. d4 Nf6 2. c4 e6 3. Nf3 Bb4+ 4. Nbd2 d5 5. g3 O-O 6. Bg2 c6 7. O-O Nbd7 8. Qc2 Be7 9. e4 b6 10. e5 Ne8 11. b3 Ba6 12. Bb2 Rc8 13. Rfd1 f6 14. exf6 gxf6 15. Bh3 Ng7 16. Re1 f5 17. Qd3 Bf6 18. Ne5 dxc4 19. Nexc4 Nc5 20. Qe3 Nb7 21. Rad1 Nd6 22. Nxd6 Qxd6 23. Nc4 Qd7 24. Bg2 Rfe8 25. Ne5 Qd6 26. Nc4 Qd7 27. Ne5 Qd6 28. Qh6 Qe7 29. Nxc6 Qf7 30. Ne5 Qe7 31. Nc6 Qf7 32. Qe3 Bb5 33. Ne5 Qe7 34. a4 Ba6 35. Rc1 Qb4 36. Nc6 Qd6 37. b4 Bb7 38. b5 a5 39. Ba3 Qd7 40. Ne5 Bxe5 41. dxe5 Bxg2 42. Kxg2 Qd5+ 43. Qf3 1-0


[Site "https://www.chess.com"]

[Event "Titled Tuesday Blitz May 31 Early 2022"]
[White "Rustemov, Alexander"]
[Black "Perez Gormaz, Matias"]
[WhiteFideId "4119002"]
[BlackFideId "3406342"]
[WhiteElo "2802"]
[BlackElo "2341"]
[Result "1-0"]
[Round "11"]
[TimeControl "180+1"]
[Date "2022.05.31"]
[WhiteClock "0:01:25"]
[BlackClock "0:00:02"]

1. d4 d5 2. c4 e6 3. Nc3 a6 4. cxd5 exd5 5. Nf3 c6 6. Bf4 Bd6 7. Bg3 Ne7 8. e3 O-O 9. Qb3 b5 10. Be2 Re8 11. O-O Bxg3 12. hxg3 Bg4 13. Rfc1 Nd7 14. Qd1 a5 15. Ne1 Bxe2 16. Nxe2 Nf6 17. Nd3 Ne4 18. Rc2 Qd6 19. Rac1 Rac8 20. Nc3 f6 21. Qf3 Ng5 22. Qf4 Qd8 23. Qg4 Rb8 24. Ne2 b4 25. b3 Ne4 26. Nc5 Nxc5 27. Rxc5 Qc8 28. Qxc8 Rexc8 29. Rxa5 Ra8 30. Rxa8 Rxa8 31. Rc2 Kf7 32. Nf4 g5 33. Nd3 Rb8 34. g4 Ke6 35. g3 Kd6 36. Kg2 Ng6 37. Rc5 Nf8 38. Ra5 Nd7 39. Ra4 Rh8 40. Nxb4 1-0


[Site "https://www.chess.com"]

[Event "Titled Tuesday Blitz May 31 Early 2022"]
[White "Sokolovsky, Yahli"]
[Black "Large, Peter G"]
[WhiteFideId "2820242"]
[BlackFideId "400866"]
[WhiteElo "1770"]
[BlackElo "2064"]
[Result "0-1"]
[Round "11"]
[TimeControl "180+1"]
[Date "2022.06.01"]
[WhiteClock "0:00:07"]
[BlackClock "0:00:08"]

1. b3 Nf6 2. Bb2 e6 3. e3 b6 4. Nf3 Bb7 5. d4 d5 6. Bd3 Bd6 7. O-O O-O 8. Nbd2 Nbd7 9. Ne5 Ne4 10. f4 f6 11. Nxd7 Qxd7 12. c4 f5 13. Nf3 c5 14. Qe2 Rad8 15. Rad1 Qe7 16. Ne5 cxd4 17. exd4 Rf6 18. Bxe4 fxe4 19. g3 Rdf8 20. Ng4 Rf5 21. Ne3 R5f7 22. Qh5 g6 23. Qh6 Qf6 24. Rd2 Qg7 25. Qh3 Rf6 26. c5 Bc7 27. Ng4 Rf5 28. Nh6+ Kh8 29. Nxf5 exf5 30. cxb6 Bxb6 31. Rc1 Ba6 32. Re1 Bd3 33. Qg2 Bxd4+ 34. Bxd4 Qxd4+ 35. Qf2 Qf6 36. Qxa7 d4 37. Rc1 Rf7 38. Qc5 Kg7 39. Qc6 Qxc6 40. Rxc6 Ra7 41. a4 Rb7 42. Rb2 e3 43. a5 Be4 44. Rd6 Rc7 45. Rxd4 Rc1+ 0-1


[Site "https://www.chess.com"]

[Event "Titled Tuesday Blitz May 31 Early 2022"]
[White "Swiercz, Dariusz"]
[Black "Makarian, Rudik"]
[WhiteFideId "1126881"]
[BlackFideId "44105681"]
[WhiteElo "2627"]
[BlackElo "2419"]
[Result "1-0"]
[Round "11"]
[TimeControl "180+1"]
[Date "2022.05.31"]
[WhiteClock "0:00:07"]
[BlackClock "0:00:02"]

1. e4 c5 2. Nf3 e6 3. d3 Nc6 4. g3 d5 5. Nbd2 Nf6 6. Bg2 Be7 7. O-O O-O 8. Re1 b5 9. e5 Nd7 10. Nf1 Qc7 11. Bf4 Bb7 12. Ne3 Rfc8 13. Nxd5 exd5 14. e6 Qd8 15. exd7 Qxd7 16. Ne5 Nxe5 17. Bxe5 Re8 18. Qh5 d4 19. Bxb7 Qxb7 20. Re4 Bf8 21. Rae1 f6 22. Bf4 Rxe4 23. Rxe4 Qf7 24. Qe2 Qxa2 25. b3 Qa6 26. Re6 Qb7 27. Bd6 Bxd6 28. Rxd6 a5 29. Re6 Qc8 30. Re7 a4 31. bxa4 bxa4 32. Qh5 Qf8 33. Qd5+ Kh8 34. Rf7 Qg8 35. Qb7 Rb8 36. Qa7 Ra8 37. Qb7 Qb8 38. Qxb8+ Rxb8 39. Ra7 h5 40. Rxa4 Rb5 41. h4 Kh7 42. Kg2 Kg6 43. Kf3 Kf5 44. Ra7 g5 45. Rc7 g4+ 46. Ke2 Kg6 47. Rc6 Kf5 48. Kd2 Ra5 49. Rc8 Kg6 50. Rg8+ Kf5 51. Rh8 Kg6 52. Rc8 Kf5 53. Kc1 Ra1+ 54. Kd2 Ra5 55. Rc7 Kg6 56. Kd1 Ra1+ 57. Ke2 Ra5 58. f3 Kf5 59. Rh7 Kg6 60. Rh8 Ra2 61. fxg4 hxg4 62. Kd2 Ra1 63. Rg8+ Kf5 64. Rc8 Rg1 65. Rxc5+ Kg6 66. h5+ Kg7 67. Rc4 Rg2+ 68. Ke1 Rxg3 69. Rxd4 Rf3 70. Rxg4+ Kh6 71. Rh4 Kg5 72. Rh2 Kh6 73. Ke2 Rf5 74. c4 Ra5 75. Ke3 f5 76. Kf4 Ra3 77. Rh3 Ra5 78. d4 Ra4 79. Rc3 1-0


[Site "https://www.chess.com"]

[Event "Titled Tuesday Blitz May 31 Early 2022"]
[White "Tanenbaum, Zachary"]
[Black "Mikhalsky, Vladimir"]
[WhiteFideId "2060850"]
[BlackFideId "14144352"]
[WhiteElo "2168"]
[BlackElo "2301"]
[Result "1-0"]
[Round "11"]
[TimeControl "180+1"]
[Date "2022.06.01"]
[WhiteClock "0:00:10"]
[BlackClock "0:00:05"]

1. e4 c5 2. Nf3 Nc6 3. Nc3 e5 4. Bc4 Be7 5. d3 d6 6. Nd2 Bg5 7. Nf1 Nh6 8. Nd5 Bxc1 9. Qxc1 O-O 10. Nfe3 Kh8 11. O-O f5 12. exf5 Nxf5 13. f4 exf4 14. Rxf4 Ne5 15. Qf1 Qg5 16. Nc7 Nxc4 17. Nxc4 Rb8 18. Nxd6 Qe7 19. Nxc8 Qxc7 20. Rxf5 Rxf5 21. Qxf5 Rxc8 22. Re1 c4 23. d4 c3 24. b3 Rd8 25. Qe5 Qxe5 26. Rxe5 Kg8 27. d5 Kf7 28. Kf2 Kf6 29. Re6+ Kf7 30. Re3 Rxd5 31. Rxc3 Rd7 32. Ke3 Ke6 33. Rc4 Ke5 34. Re4+ Kf5 35. c4 g5 36. g4+ Kf6 37. b4 Rd1 38. Kf3 Ra1 39. Re2 Rb1 40. a3 Rc1 41. c5 a5 42. Rb2 a4 43. Re2 Rf1+ 44. Ke4 Ke6 45. Kd4+ Kd7 46. Kc4 Rf4+ 47. Kb5 Rxg4 48. Kb6 Rg1 49. Kxb7 Rc1 50. Rd2+ Ke6 51. c6 h5 52. c7 g4 53. c8=Q+ Rxc8 54. Kxc8 Ke5 55. b5 Kf4 56. b6 1-0


[Site "https://www.chess.com"]

[Event "Titled Tuesday Blitz May 31 Early 2022"]
[White "Tong, Hai Anh"]
[Black "Tasev, Dejan"]
[WhiteFideId "12412805"]
[BlackFideId "936618"]
[WhiteElo "1467"]
[BlackElo "2253"]
[Result "1-0"]
[Round "11"]
[TimeControl "180+1"]
[Date "2022.06.01"]
[WhiteClock "0:00:34"]
[BlackClock "0:00:12"]

1. d4 Nf6 2. c4 g6 3. Nc3 Bg7 4. Nf3 O-O 5. g3 b6 6. Bg2 Bb7 7. O-O e6 8. b3 d6 9. Bb2 Nbd7 10. Rc1 a6 11. Qc2 Qe7 12. Rfd1 Rae8 13. e4 Qd8 14. Re1 Qa8 15. Rcd1 h6 16. d5 e5 17. Nd2 Nh7 18. f4 Qd8 19. Nf1 exf4 20. gxf4 g5 21. Ne2 Bxb2 22. Qxb2 gxf4 23. Nxf4 Qg5 24. Qf2 Ne5 25. Ng3 Bc8 26. Kh1 Ng4 27. Qd2 Qh4 28. Bh3 Ng5 29. Bxg4 Bxg4 30. Ng2 Qh3 31. Nf4 Bf3+ 32. Kg1 Qg4 33. Nh5 Kh8 34. Nf6 Nh3+ 35. Kf1 Qh4 36. Nxe8 Rxe8 37. Qc3+ Re5 38. Qxf3 Kg7 39. Nf5+ Rxf5 40. Qxf5 Ng5 41. Qf2 Qh3+ 42. Qg2 Qh4 43. Re2 Kf8 44. Rde1 Nh3 45. Re3 Ng5 46. e5 Qf4+ 47. Qf2 Qg4 48. exd6 cxd6 49. Rg3 Qh5 50. Rxg5 Qxg5 51. Qxb6 Qf4+ 52. Qf2 Qg4 53. Re3 Qd1+ 54. Kg2 Qg4+ 55. Rg3 Qe4+ 56. Rf3 Qg4+ 57. Kh1 Qe4 58. Kg1 Qg4+ 59. Kf1 Qg6 60. Rxf7+ Qxf7 61. Qxf7+ Kxf7 62. b4 Kf6 63. c5 dxc5 64. bxc5 Ke5 65. d6 Ke6 66. Ke2 Kd7 67. Kd3 Kc6 68. Kc4 1-0


[Site "https://www.chess.com"]

[Event "Titled Tuesday Blitz May 31 Early 2022"]
[White "Turzo, Attila"]
[Black "Shailesh, Dravid"]
[WhiteFideId "704954"]
[BlackFideId "25017969"]
[WhiteElo "2557"]
[BlackElo "2205"]
[Result "1/2-1/2"]
[Round "11"]
[TimeControl "180+1"]
[Date "2022.05.31"]
[WhiteClock "0:00:02"]
[BlackClock "0:00:09"]

1. d4 Nf6 2. Nf3 c5 3. d5 b5 4. e4 Nxe4 5. Bd3 Nd6 6. O-O c4 7. Be2 g6 8. a4 Bg7 9. axb5 O-O 10. Nc3 a6 11. bxa6 Nxa6 12. Be3 Bb7 13. Bd4 f6 14. Nd2 Qc7 15. Ra4 Nc5 16. Rxa8 Bxa8 17. Nxc4 Nf5 18. Nb5 Qb8 19. Bxc5 Qxb5 20. b4 Qb8 21. Nb6 d6 22. Nd7 Qc7 23. Nxf8 Bxf8 24. Bd4 Bxd5 25. Bxf6 Qb7 26. Bg5 Bxg2 27. Re1 h6 28. Bf4 Nh4 29. Bg3 Nf3+ 30. Bxf3 Bxf3 31. Qd3 Kh7 32. Re3 Bg4 33. f3 Bf5 34. Qc4 e6 35. Bf2 d5 36. Qd4 Qxb4 37. Qxb4 Bxb4 38. Rb3 Bd6 39. Rb7+ Kg8 40. c3 Bf4 41. h4 g5 42. hxg5 hxg5 43. Kg2 Kf8 44. Bg3 Bd2 45. Be5 Ke8 46. Rg7 Kd8 47. Kf2 Kc8 48. Ke2 Bc1 49. Bf6 Bf4 50. Bxg5 Be5 51. Rg8+ Kd7 52. Bd2 Kc6 53. Rc8+ Kb5 54. Rg8 Kc4 55. Rc8+ Kb3 56. Rc6 Kc2 57. Rc8 Bd3+ 58. Ke3 Bc4 59. f4 Bxf4+ 60. Kxf4 Kxd2 61. Ke5 Kxc3 62. Kxe6 d4+ 63. Ke5 d3 64. Rd8 d2 65. Rxd2 Kxd2 1/2-1/2


[Site "https://www.chess.com"]